 Dungeon Crawl Stone Soup version 0.30.0-21-gd299b56b3f (webtiles) character file.

Game seed: 13574665822236467950

38 qw the Chopper (level 3, -6/23 HPs)
             Began as a Gargoyle Fighter on June 2, 2023.
             Mangled by an iguana (9 damage)
             ... on level 3 of the Dungeon.
             The game lasted 00:00:44 (1615 turns).

qw the Chopper (Gargoyle Fighter)                   Turns: 1615, Time: 00:00:45

Health: -6/23      AC: 11    Str: 21    XL:     3   Next: 43%
Magic:  3/3        EV:  9    Int:  8    God:
Gold:   66         SH:  4    Dex:  9    Spells: 2/2 levels left

rFire   . . .        Y - +0 war axe
rCold   . . .        c - +0 buckler
rNeg    + . .        b - +0 scale mail
rPois   inf          (no helmet)
rElec   +            (no cloak)
rCorr   .            i - +0 pair of gloves
SInv    .            (no boots)
Will    .....        (no amulet) Stlth
                     (no ring)
HPRegen 0.23/turn    (no ring)
MPRegen 0.08/turn

%: no passive effects
@: no status effects
A: sickness immunity, AC +3, negative energy resistance 1, electricity
resistance, torment resistance 1, petrification resistance
a: no special abilities


You were on level 3 of the Dungeon.
You visited 1 branch of the dungeon, and saw 3 of its levels.

You collected 66 gold pieces.


Innate Abilities, Weirdness & Mutations

You are immune to sickness and miasma.
Your stone body is resilient. (AC +3)
You are immune to poison.
You resist negative energy. (rN+)
You are resistant to electric shocks. (rElec)
You are resistant to unholy torment.
You are immune to petrification.


   Skills:
 - Level 3.2 Fighting
 + Level 3.4 Axes
 - Level 3.2 Armour
 - Level 3.2 Shields


You had 2 spell levels left.
You didn't know any spells.
Your spell library was empty.

Inventory:

Hand Weapons
 l - a +0 mace
 Y - a +0 war axe (weapon)
Armour
 b - a +0 scale mail (worn)
 c - a +0 buckler (worn)
 i - a +0 pair of gloves (worn)
Potions
 d - a potion of might
 e - a potion of lignification
 h - a potion of curing
 j - a potion of haste {unknown}
 k - a potion of attraction {unknown}
 o - a potion of mutation {unknown}

Dungeon Overview and Level Annotations

Branches:
Dungeon (3/15)

Altars:

Shops:
D:1 =   D:3 (


Message History

You hit the endoplasm.
The endoplasm is moderately wounded.
The endoplasm hits you but does no damage.
You hit the endoplasm.
You kill the endoplasm!
A bat comes into view.
The bat moves out of view.
A rat comes into view.
Found an escape hatch in the floor.
Found a stone staircase leading up.
You closely miss the bat. The bat hits you but does no damage. x3
You barely miss the bat. You block the bat's attack.
You closely miss the bat. The bat hits you but does no damage. x2
You hit the rat.
The rat is moderately wounded.
The bat hits you.
The rat bites you but does no damage. x2
You hit the rat.
You kill the rat!
The bat hits you but does no damage.
You closely miss the bat. The bat hits you but does no damage.
The bat closely misses you.
You hit the bat but do no damage. You block the bat's attack.
The bat hits you but does no damage.
You miss the bat. The bat barely misses you.
The bat hits you but does no damage.
You hit the bat.
You kill the bat!
You now have 66 gold pieces (gained 8).
An iguana comes into view.
The iguana hisses angrily.
You hit the iguana but do no damage. The iguana bites you!
You hit the iguana but do no damage. The iguana bites you!
The iguana bites you.
You slash the iguana!
The iguana is heavily wounded.
The iguana bites you!
You die...

####### ....... .?.....
...# ....... ....##
....... ....##
###....... .
....#######.@l>..... ..
#..........#.......
##.###>......#.(.####..#
.........###..~.~.... #
......................
..####..####~~~~~~~###
..# #.).# #...#..<.. .#
##..#####........ .#
#}.}............


You could see an iguana.

Vanquished Creatures
  4 ball pythons
  4 bats
  3 endoplasms
  3 giant cockroaches
  5 goblins
  2 hobgoblins (D:2)
  3 kobolds
  3 quokkas
  2 frilled lizards (D:1)
  6 rats
35 creatures vanquished.

Notes
Turn   | Place    | Note
-------+----------+-------------------------------------------
     0 | D:1      | qw the Gargoyle Fighter began the quest for the Orb.
     0 | D:1      | Reached XP level 1. HP: 14/14 MP: 1/1
     0 | D:1      | 0 ||| qw: Version: 0.2-a-102-gdf20003
     0 | D:1      | 0 ||| qw: Game counter: 843
     0 | D:1      | 0 ||| qw: Always use a shield: true
     0 | D:1      | 0 ||| qw: God list: Okawaru
     0 | D:1      | 0 ||| qw: Allow faded altars: false
     0 | D:1      | 0 ||| qw: Do Orc after D:15 true
     0 | D:1      | 0 ||| qw: Do second Lair branch before Depths: true
     0 | D:1      | 0 ||| qw: Lair rune preference: random
     0 | D:1      | 0 ||| qw: Plans: Normal, Zot:1-4, Slime:5, God:TSO, Crypt,
                  | Tomb, Pan, Hells, Abyss, Win
     0 | D:1      | 0 ||| PLANNING D:1-11
    93 | D:1      | Reached XP level 2. HP: 16/19 MP: 2/2
   323 | D:1      | Found Iranoim's Jewellery Boutique.
   335 | D:1      | 335 ||| SHOPLISTING +6 ring of dexterity (468 gold, have
                  | 45).
   335 | D:1      | 335 ||| SHOPLISTING ring of Lodoli Pege {Fire rCorr Str+3}
                  | (570 gold, have 45).
   335 | D:1      | 335 ||| SHOPLISTING ring of resist corrosion (260 gold,
                  | have 45).
   419 | D:1      | 419 ||| DROPPING +0 club.
   420 | D:1      | 420 ||| UPGRADING to +0 pair of gloves.
   425 | D:1      | 425 ||| READING scroll labelled KUUNOH ZOANOLA.
   426 | D:1      | 426 ||| READING scroll labelled NUDGHA QOLA.
   527 | D:1      | 527 ||| DRINKING 2 coppery potions.
   571 | D:1      | 571 ||| DRINKING 2 metallic golden potions.
   602 | D:2      | Reached skill level 3 in Axes
   707 | D:2      | 707 ||| Stepping ~*~*~tactically~*~*~ (stealth).
   763 | D:2      | Reached XP level 3. HP: 22/23 MP: 3/3
  1514 | D:2      | 1514 ||| READING scroll labelled VORRER QIC DYS.
  1515 | D:2      | 1515 ||| READING scroll labelled RUMI NIPTUSOP.
  1516 | D:2      | 1516 ||| READING scroll labelled VAFION JASHUI.
  1517 | D:2      | 1517 ||| READING scroll labelled JUCKOI SAWOIL.
  1520 | D:2      | 1520 ||| READING 2 scrolls labelled YLOGOCW FOMU.
  1521 | D:2      | 1521 ||| DROPPING scroll of amnesia.
  1549 | D:3      | Found Bolloypn's Weapon Shoppe.
  1614 | D:3      | HP: 3/23 [iguana (3)]
  1615 | D:3      | Mangled by an iguana

Levels and vault maps discovered:
D:1:      mainiacjoe_arrival_reflecting_pool, layout_basic, serial_shops,
          nicolae_shop_gaudy_bauble
D:2:      layout_basic
D:3:      layout_rooms, minitemple, serial_shops, shop_fountains, shop,
          ebering_ecumenical_altar_abandoned, minmay_misc_feat_chi,
          chequers_serial_rivers_micro_e

Skill      XL: |  1  2 |
---------------+-------+-----
Axes           | 2 3 |  3.4
Fighting       | |  3.2
Armour         | |  3.2
Shields        | |  3.2

Action                     || total
---------------------------++-------
  Melee: War axe           ||    95
    Use: Scroll            ||     7
         Potion            ||     2
 Armour: Scale mail        ||    52
  Dodge: Dodged            ||    32
  Block: Buckler           ||    16

Table legend:
 A = Non-vault XP
 B = Vault XP
 C = Vault XP percentage of total XP
 D = Non-vault monster count
 E = Vault monster count
 F = Vault count percentage of total count
                 A         B        C        D         E       F
            +---------+---------+-------+---------+---------+-------
      Total |      55 |       0 |   0.0 |      35 |       0 |   0.0
            +---------+---------+-------+---------+---------+-------
        D:1 |      29 |       0 |   0.0 |      17 |       0 |   0.0
        D:2 |      20 |       0 |   0.0 |      14 |       0 |   0.0
        D:3 |       6 |       0 |   0.0 |       4 |       0 |   0.0
            +---------+---------+-------+---------+---------+-------
